 Dungeon Crawl Stone Soup version 0.24.0-123-gd5b16e6ec5 (webtiles) character file.

Game seed: 13244066624170608098, levelgen mode: deterministic

37 Descartes the Skirmisher (level 3, 0/45 HPs)
             Began as a Formicid Abyssal Knight on Dec 29, 2019.
             Was a Follower of Lugonu.
             Succumbed to a kobold's poison
             ... on level 2 of the Dungeon.
             The game lasted 00:04:08 (1168 turns).

Descartes the Skirmisher (Formicid Abyssal Knight)  Turns: 1168, Time: 00:04:09

Health: 0/45       AC: 21    Str: 17    XL:     3   Next: 60%
Magic:  4/4        EV:  2    Int: 11    God:    Lugonu [*.....]
Gold:   74         SH:  0    Dex: 10    Spells: 2/2 levels left

rFire    . . .     SeeInvis .   a - +1 hand axe
rCold    . . .     Gourm    .   (no shield)
rNeg     + + +     Faith    .   (armour currently unavailable)
rPois    +         Spirit   .   (helmet unavailable)
rElec    .         Reflect  .   (cloak currently unavailable)
rCorr    .         Harm     .   (gloves currently unavailable)
MR       .....                  (boots currently unavailable)
Stlth    +.........             (no amulet)
HPRegen  0.15/turn              (no ring)
MPRegen  0.09/turn              (no ring)

@: lethally poisoned (0 -> -11), tree-form
A: permanent stasis, dig shafts and tunnels, four strong arms
a: Depart the Abyss, Renounce Religion


You were on level 2 of the Dungeon.
You worshipped Lugonu.
Lugonu was aware of your devotion.
You were hungry.
You were a tree.
You visited 1 branch of the dungeon, and saw 2 of its levels.
You visited the Abyss 1 time.

You collected 74 gold pieces.

Inventory:

Hand Weapons
 a - a +1 hand axe (weapon)
Missiles
 d - 56 stones (quivered)
 f - 14 poisoned darts
Armour
 b - a +0 leather armour (melded)
Scrolls
 e - a scroll of enchant weapon {unknown}
 h - 2 scrolls of identify {unknown}
Comestibles
 c - 3 rations


   Skills:
 + Level 3.9 Fighting
 + Level 2.3 Axes
 + Level 2.5 Armour
 + Level 1.3 Dodging
 + Level 2.6 Invocations


You had 2 spell levels left.
You didn't know any spells.
Your spell library was empty.

Dungeon Overview and Level Annotations

Branches:
Dungeon (2/15)

Altars:


Innate Abilities, Weirdness & Mutations

You cannot be hasted, slowed, berserked, paralysed or teleported.
You can dig through walls and to a lower floor.
Your four strong arms can wield two-handed weapons with a shield.
((You have a pair of large antennae on your head. (SInv)))


Message History

Lugonu accepts your kill.
* * * LOW HITPOINT WARNING * * *
You feel sick.
The giant cockroach closely misses you. x2
You barely miss the giant cockroach.
The giant cockroach is moderately wounded.
* * * LOW HITPOINT WARNING * * *
You feel sick. The giant cockroach misses you.
You hit the giant cockroach.
You kill the giant cockroach!
Lugonu accepts your kill.
* * * LOW HITPOINT WARNING * * *
You feel sick.
It was a potion of lignification.
You turn into a tree.
Your +0 leather armour melds into your body.
Your roots penetrate the ground.
* * * LOW HITPOINT WARNING * * *
You feel sick.
* * * LOW HITPOINT WARNING * * *
You feel sick.
You die...

##########
.........#
.........#
.........# ####
.......).#####..#
................#
.........#....)♣#
..########....).#
# #######......#
...........>.# ..
#######......# ..#
###......# ...#
#........#
....#####.##...###
.....)......#.##


There were no monsters in sight!

Vanquished Creatures
  A shadow imp (Abyss:1)
  An ooze (D:2)
  A dart slug (D:1)
  3 leopard geckos (D:1)
  3 bats (D:1)
  2 giant cockroaches
  2 goblins
  3 hobgoblins
  A ball python (D:1)
  A frilled lizard (D:1)
  2 kobolds
20 creatures vanquished.

Notes
Turn   | Place    | Note
-------+----------+-------------------------------------------
     0 | Abyss:1  | Descartes the Formicid Abyssal Knight began the quest for
                  | the Orb.
     0 | Abyss:1  | Reached XP level 1. HP: 18/18 MP: 2/2
    23 | Abyss:1  | Found a corrupted altar of Lugonu.
   112 | Abyss:1  | Reached XP level 2. HP: 11/24 MP: 3/3
   117 | Abyss:1  | Noticed a chaos spawn
   148 | D:1      | Escaped the Abyss
   154 | D:1      | Reached skill level 1 in Dodging
   476 | D:1      | Reached * piety under Lugonu
   620 | D:1      | Reached XP level 3. HP: 27/30 MP: 4/4
  1157 | D:2      | HP: 1/30 [kobold/+2 short sword of venom (4)]
  1166 | D:2      | HP: 1/45 [poisoned by a kobold]
  1168 | D:2      | Succumbed to a kobold's poison

Levels and vault maps discovered:
D:1:      dpeg_arrival_lava_altar, layout_basic, serial_bayou_lake_a
D:2:      layout_rooms, first_ration

Skill      XL: |  1  2 |
---------------+-------+-----
Dodging        | 1 |  1.3
Fighting       | |  3.9
Axes           | |  2.3
Armour         | |  2.5
Invocations    | |  2.6

Action                   || total
-------------------------++-------
Melee: Hand axe          ||    60
Invok: Depart the Abyss  ||     1
 Abil: Dig               ||     5
  Use: Potion            ||     2
  Eat: Chunk             ||     1
Armor: Leather armour    ||    22
Dodge: Dodged            ||    52
